 Dungeon Crawl Stone Soup version 0.14.0-18-g0341e45 (webtiles) character file.

27620 Infinimo the Unseen (level 13, -2/60 (63) HPs)
             Began as a Kobold Enchanter on Apr 20, 2014.
             Was a High Priest of Dithmenos.
             Slain by a death yak (25 damage)
             ... on Level 5 of the Lair of Beasts.
             The game lasted 01:04:27 (24557 turns).

Infinimo the Unseen (Kobold Enchanter)             Turns: 24557, Time: 01:04:28

HP  -2/60 (63)   AC 16     Str  9      XL: 13   Next: 60%
MP  17/19        EV 23     Int 16      God: Dithmenos [*****.]
Gold 876         SH  0     Dex 16      Spells:  5 memorised,  5 levels left

rFire  . . .     SeeInvis .     n - +2,+0 dagger (protect)
rCold  + . .     Clarity  .     o - +2 robe {rC+}
rNeg   . . .     Conserve .     (no shield)
rPois  .         rCorr    .     H - +0 helmet
rElec  .         rRot     .     E - +0 cloak
SustAb . .       Spirit   .     m - +0 pair of gloves
rMut   .         Warding  .     (no boots)
Saprov + + .     Stasis   .     (no amulet)
MR     .....                    w - +4 ring of protection
                                r - ring of sustenance

@: wreathed by umbra, very quick, not resistant to hostile enchantments,
uncannily stealthy
A: disease resistance, carnivore 3, saprovore 2
a: Shadow Step, Shadow Form, Renounce Religion


You were on level 5 of the Lair of Beasts.
You worshipped Dithmenos.
Dithmenos was extremely pleased with you.
You were not hungry.

You visited 2 branches of the dungeon, and saw 15 of its levels.

You collected 876 gold pieces.

Inventory:

Hand weapons
 n - a +2,+0 dagger of protection (weapon)
Missiles
 d - 12 darts (quivered)
Armour
 m - a +0 pair of gloves (worn)
 o - a +2 robe of cold resistance (worn)
 E - a +0 cloak (worn)
 H - a +0 helmet (worn)
 N - a troll hide {Snorg}
Magical devices
 q - a wand of draining (3)
 s - a wand of slowing (16)
 M - a wand of magic darts (4)
Comestibles
 f - 7 meat rations
 x - a sausage
 z - a cheese
 K - a slice of pizza
Scrolls
 h - a scroll of enchant weapon II
 j - a scroll of amnesia
 k - a scroll of fear
 t - 4 scrolls of identify
 y - a scroll of fog
 C - a scroll of blinking
 D - 3 scrolls of remove curse
 J - 3 scrolls of teleportation
 L - a scroll of magic mapping
Jewellery
 l - an uncursed ring of ice
 r - a ring of sustenance (left hand)
 w - a +4 ring of protection (right hand)
Potions
 e - 3 potions of might
 g - a potion of berserk rage {unknown}
 p - 4 potions of heal wounds
 u - a potion of magic
 v - a potion of invisibility
 A - 9 potions of curing
 B - a potion of degeneration
Books
 a - a book of Necromancy

   Spells                             Type                      Level
   Pain                               Necromancy                   1
   Animate Skeleton                   Necromancy                   1
   Lethal Infusion                    Charms/Necromancy            2
   Vampiric Draining                  Necromancy                   3
   Regeneration                       Charms/Necromancy            3
   Animate Dead                       Necromancy                   4
   Control Undead                     Necromancy                   4
 c - a book of Maledictions

   Spells                             Type                      Level
   Corona                             Hexes                        1
   *Sure Blade                        Hexes/Charms                 2
   *Ensorcelled Hibernation           Hexes/Ice                    2
   *Confuse                           Hexes                        3
   Enslavement                        Hexes                        4
   Invisibility                       Hexes                        6
 i - a book of Death

   Spells                             Type                      Level
   Corpse Rot                         Necromancy                   2
   Sublimation of Blood               Necromancy                   2
   Agony                              Necromancy                   5
   Dispel Undead                      Necromancy                   5
   Excruciating Wounds                Charms/Necromancy            5
   Bolt of Draining                   Conjuration/Necromancy       5
 F - a book of Minor Magic

   Spells                             Type                      Level
   Magic Dart                         Conjuration                  1
   Blink                              Translocation                2
   Call Imp                           Summoning                    2
   *Repel Missiles                    Charms/Air                   2
   Slow                               Hexes                        2
   Conjure Flame                      Conjuration/Fire             3
   Mephitic Cloud                     Conjuration/Poison/Air       3
 G - a book of Unlife

   Spells                             Type                      Level
   Recall                             Summoning/Translocation      3
   Animate Dead                       Necromancy                   4
   Control Undead                     Necromancy                   4
   Twisted Resurrection               Necromancy                   5
   Death Channel                      Necromancy                   6
   Simulacrum                         Ice/Necromancy               6
 I - a book of Air

   Spells                             Type                      Level
   Shock                              Conjuration/Air              1
   *Swiftness                         Charms/Air                   2
   *Repel Missiles                    Charms/Air                   2
   Flight                             Charms/Air                   3
   Static Discharge                   Conjuration/Air              3
   Lightning Bolt                     Conjuration/Air              5


   Skills:
 - Level 13.0 Short Blades
 - Level 1.3 Throwing
 - Level 10.9 Dodging
 + Level 16.9 Stealth
 - Level 2.0 Spellcasting
 - Level 12.2 Hexes
 + Level 2.0 Charms


You had 5 spell levels left.
You knew the following spells:

 Your Spells              Type           Power        Failure   Level  Hunger
a - Repel Missiles        Chrm/Air       #.....       21%         2    ###....
b - Ensorcelled Hibernat  Hex/Ice        ###...       2%          2    ###....
c - Confuse               Hex            #####...     1%          3    ####...
d - Sure Blade            Hex/Chrm       ###.......   1%          2    ###....
e - Swiftness             Chrm/Air       #.......     21%         2    ###....


Dungeon Overview and Level Annotations

Branches:
Dungeon (9/15)             Temple (0/1) D:7            Lair (6/8) D:9
  Swamp (0/5) Lair:5       Spider (0/5) Lair:3        Slime (0/6) Lair:6
    Orc: D:9-12

Altars:
Ashenzari
Dithmenos
Elyvilon
Fedhas
Kikubaaqudgha
Okawaru
Sif Muna

Shops:
D:6 }

Annotations:
D:2 Grinder
Lair:1 Nergalle
Lair:2 nubinia's ghost, powerful VSNe


Innate Abilities, Weirdness & Mutations

You recuperate from illness quickly.
You are small and have problems with some larger weapons.
You are carnivorous and can eat meat at any time.
You can eat rotten meat.


Message History

Magic restored.
Key pressed, stopping explore.
You see here a spear.
A green rat comes into view.
There are monsters nearby!
You start waiting.
A green rat comes into view.
The green rat moves out of view.
A green rat comes into view.
A green rat comes into view.
The green rat moves out of view.
The death yak gores you!
There is a stone staircase leading up here.
The death yak gores you!
You climb upwards.
There is a stone staircase leading down here.
Casting: Confuse
Confirm with . or Enter, or press ? or * to list all spells.
You feel quick. The death yak gores you!
You die...

....#
#.#................#
### ...P#
###............#.#.##
..###
##.#............#####
#.# #............P###
### ##............P# #
#..............# ##
####..............#
f###................##
................@..##
...........)...Y...#
................P###
.................#
................##
.............#.##
............####
.............#
..........#..#


You could see a death yak.

Vanquished Creatures
  Snorg (Lair:5)
  Fannar (Lair:6)
  Harold (Lair:4)
  5 hydras
  2 death yaks
  3 elephants
  An oklob plant (Lair:4)
  7 komodo dragons
  7 spiny frogs
  2 trolls
  4 blink frogs (Lair:4)
  A basilisk (Lair:6)
  A trapdoor spider (Lair:3)
  A wyvern (D:9)
  11 yaks
  A steam dragon (Lair:2)
  2 hippogriffs (Lair:1)
  5 wolves
  Menkaure (D:6)
  A necrophage (D:7)
  8 water moccasins
  3 sky beasts
  2 orc warriors
  A black bear (D:9)
  5 spiders (Lair:5)
  2 ice beasts
  14 porcupines
  A swamp drake (Lair:5)
  2 giant goldfish (Lair:2)
  A centaur (D:9)
  3 ogres
  5 boring beetles
  A yellow wasp (D:8)
  8 crocodiles
  6 giant slugs
  17 giant frogs
  9 big kobolds
  5 scorpions
  13 killer bees
  A troll zombie (D:9)
  3 electric eels (Lair:2)
  3 goliath beetles (D:9)
  A crimson imp (D:7)
  2 jellies
  A quasit (D:9)
  A big fish (Lair:2)
  An elf skeleton (D:9)
  A two-headed ogre zombie (D:9)
  7 orc wizards
  3 orc priests
  A porcupine zombie (Lair:2)
  10 iguanas
  10 hounds
  A black bear skeleton (D:7)
  4 sheep (Lair:5)
  An ogre zombie (D:9)
  22 adders
  4 gnolls (D:7)
  A worker ant zombie (D:6)
  A gnoll zombie (D:5)
  An inept feature mimic (D:4)
  4 shadow imps
  5 worker ants
  24 green rats
  An inept item mimic (D:3)
  2 giant mites
  A goliath beetle zombie (D:6)
  8 giant geckos
  3 oozes (D:1)
  27 orcs
  9 bats
  11 giant cockroaches
  18 hobgoblins
  16 jackals
  14 quokkas
  9 worms
  5 giant newts
  20 goblins
  2 hobgoblin skeletons
  32 kobolds
  2 orc skeletons
  32 rats
489 creatures vanquished.

Vanquished Creatures (others)
  3 fungi
  3 plants (Lair:6)
6 creatures vanquished.

Grand Total: 495 creatures vanquished

Notes
Turn   | Place    | Note
--------------------------------------------------------------
     0 | D:1      | Infinimo, the Kobold Enchanter, began the quest for the Orb.
     0 | D:1      | Reached XP level 1. HP: 10/10 MP: 3/3
    86 | D:1      | Reached XP level 2. HP: 1/15 MP: 4/4
   967 | D:1      | Learned a level 2 spell: Ensorcelled Hibernation
  1045 | D:1      | Reached skill level 4 in Hexes
  1045 | D:1      | Reached XP level 3. HP: 16/19 MP: 6/6
  2129 | D:2      | Reached XP level 4. HP: 24/24 MP: 7/7
  2727 | D:2      | Reached skill level 5 in Hexes
  3077 | D:3      | Reached XP level 5. HP: 18/28 MP: 1/9
  3455 | D:3      | Noticed Grinder
  3516 | D:3      | Paralysed by Grinder for 2 turns
  3548 | D:2      | Paralysed by Grinder for 4 turns
  3558 | D:2      | Paralysed by Grinder for 6 turns
  4481 | D:4      | Reached skill level 6 in Hexes
  4650 | D:4      | Reached XP level 6. HP: 20/32 MP: 7/10
  4802 | D:4      | Found a staircase to the Ecumenical Temple.
  4831 | D:4      | the staircase to the Ecumenical Temple was a mimic.
  5497 | D:4      | Reached XP level 7. HP: 36/36 MP: 7/12
  5892 | D:4      | Reached skill level 5 in Short Blades
  6807 | D:3      | Learned a level 3 spell: Confuse
  7133 | D:5      | Entered Level 5 of the Dungeon
  7259 | D:5      | Reached skill level 5 in Stealth
  7266 | D:5      | Got a bloodstained ring mail
  7287 | D:5      | Identified the +2 ring mail of Nududiss {Str+4 Dex+1 Int-5} (You found it on level 5 of the Dungeon)
  8116 | D:5      | Reached XP level 8. HP: 41/41 MP: 8/13
  8142 | D:5      | Reached skill level 7 in Short Blades
  8316 | D:5      | Found a shadowy altar of Dithmenos.
  8323 | D:5      | Became a worshipper of Dithmenos the Shadowed
  8420 | D:6      | Noticed Menkaure
  8439 | D:6      | Killed Menkaure
  8439 | D:6      | Reached skill level 8 in Short Blades
  8456 | D:6      | Found Maolem's Gadget Shoppe.
  8835 | D:6      | Found an iron altar of Okawaru.
  8919 | D:6      | Reached skill level 9 in Short Blades
  9469 | D:7      | Reached XP level 9. HP: 42/45 MP: 3/14
  9613 | D:7      | Found a blossoming altar of Fedhas.
  9639 | D:7      | Reached skill level 10 in Short Blades
  9975 | D:7      | Reached skill level 11 in Short Blades
 10377 | D:7      | Found a staircase to the Ecumenical Temple.
 10458 | D:7      | Learned a level 2 spell: Sure Blade
 10759 | D:8      | Found an ancient bone altar of Kikubaaqudgha.
 11011 | D:7      | Acquired Dithmenos' first power
 11011 | D:7      | Reached skill level 12 in Short Blades
 11381 | D:8      | Found a shattered altar of Ashenzari.
 11406 | D:8      | Reached skill level 10 in Stealth
 11543 | D:8      | Reached XP level 10. HP: 47/47 MP: 5/16
 11851 | D:8      | Reached skill level 13 in Short Blades
 12331 | D:8      | Got a brightly glowing copper amulet
 12356 | D:8      | Noticed a troll
 12360 | D:8      | Killed a troll
 12626 | D:8      | Found a deep blue altar of Sif Muna.
 12811 | D:9      | Reached skill level 5 in Dodging
 12818 | D:9      | Found a white marble altar of Elyvilon.
 12990 | D:9      | Found a staircase to the Lair.
 12996 | D:9      | Acquired Dithmenos' second power
 14206 | D:9      | Reached XP level 11. HP: 36/51 MP: 5/17
 14621 | Lair:1   | Entered Level 1 of the Lair of Beasts
 15288 | D:9      | Acquired Dithmenos' third power
 15373 | Lair:1   | You fall through a shaft!
 15385 | Lair:1   | Noticed an eight-headed hydra
 15421 | Lair:1   | Reached skill level 10 in Dodging
 15439 | Lair:1   | Killed an eight-headed hydra
 17445 | Lair:2   | Identified the amulet of the Demon Prince {Stasis rPois rC+ Stlth-} (You took it off a kobold on level 8 of the Dungeon)
 17479 | Lair:2   | Noticed Nergalle
 17503 | Lair:2   | Noticed a spectral orc warlord
 18403 | Lair:2   | Noticed nubinia's ghost (powerful VSNe)
 18941 | Lair:3   | Reached XP level 12. HP: 56/56 MP: 15/18
 18996 | Lair:3   | Noticed a five-headed hydra
 19004 | Lair:3   | Killed a five-headed hydra
 19004 | Lair:3   | Reached skill level 14 in Stealth
 19065 | Lair:3   | Found a hole to the Spider Nest.
 19209 | Lair:3   | Learned a level 2 spell: Repel Missiles
 19212 | Lair:3   | Learned a level 2 spell: Swiftness
 19276 | Lair:3   | Noticed a four-headed hydra
 19284 | Lair:3   | Killed a four-headed hydra
 19650 | Lair:4   | Reached skill level 15 in Stealth
 19825 | Lair:4   | Noticed Harold
 19833 | Lair:4   | Noticed a five-headed hydra
 19835 | Lair:4   | Killed a five-headed hydra
 20304 | Lair:4   | Reached skill level 10 in Hexes
 20424 | Lair:4   | Killed Harold
 20675 | Lair:4   | Found a blossoming altar of Fedhas.
 21017 | Lair:5   | Found a staircase to the Swamp.
 21281 | Lair:5   | Reached XP level 13. HP: 60/60 MP: 19/19
 21979 | Lair:5   | Noticed Snorg
 22319 | Lair:5   | Reached skill level 16 in Stealth
 22418 | Lair:5   | Killed Snorg
 22910 | Lair:5   | Found a hole to the Spider Nest.
 22912 | Lair:5   | the hole to the Spider Nest was a mimic.
 22961 | Lair:5   | Acquired Dithmenos' fourth power
 23853 | Lair:6   | Found a staircase to the Slime Pits.
 24150 | Lair:6   | Noticed Fannar
 24154 | Lair:6   | Reached skill level 1 in Charms
 24335 | Lair:6   | Killed Fannar
 24557 | Lair:5   | Slain by a death yak

Action                   |  1- 3 |  4- 6 |  7- 9 | 10-12 | 13-15 || total
-------------------------+-------+-------+-------+-------+-------++-------
Melee: Dagger            |   204 |   178 |   609 |   592 |   127 ||  1710
 Cast: Ensorcelled Hiber |     2 |    25 |   107 |   251 |    81 ||   466
       Confuse           |       |       |    13 |    13 |     6 ||    32
       Corona            |       |       |     4 |       |       ||     4
       Sure Blade        |       |       |     2 |     5 |     2 ||     9
       Swiftness         |       |       |       |       |     3 ||     3
Evoke: Wand              |       |       |     1 |       |     5 ||     6
  Use: Scroll            |       |       |    15 |    15 |     6 ||    36
       Potion            |       |       |     2 |     1 |       ||     3
 Stab: Sleeping          |     6 |    23 |    68 |   177 |    44 ||   318
       Confused          |       |       |     7 |     5 |     2 ||    14
       Distracted        |       |       |     2 |     6 |     1 ||     9
